Monarchs vs High Goats
(R1)
Created - 13 février 2014 at 19:05
Goals
|
| Monarchs |
1 |
2 |
0 |
3 |
| High Goats |
0 |
1 |
1 |
2 |
|
Shots
|
| Monarchs |
2 |
20 |
8 |
30 |
| High Goats |
10 |
9 |
11 |
30 |
|
1st period
1. Monarchs , Bryan Bickell 6 (Barry Tallackson, Patrik Berglund) at 1:34
Penalties :
Matt Taormina (Buc) for Tripping (Minor) at 8:52
2nd period
2. Monarchs , Chris Clark 23 (Martin Sonnenberg) at 0:16
3. Monarchs , Jarret Stoll 32 (Martin Sonnenberg, Chris Clark) at 15:32
4. High Goats , Pavel Brendl 37 (Jesse Winchester) at 16:00 (PP)
Penalties :
Brandon Bollig (Buc) for Holding (Minor) at 1:24, Alec Martinez (MAN) for Hooking (Minor) at 7:45, Alec Martinez (MAN) for High sticking (Minor) at 11:16, Chris Clark (MAN) for Cross-checking (Minor) at 15:59, Barry Tallackson (MAN) for Goalie Interference (Minor) at 17:32
3rd period
5. High Goats , Matt Irwin 8 (Pavel Brendl, Anton Stralman) at 15:29 (PP)
Penalties :
Nick Bonino (Buc) for Interference (Minor) at 0:47, Nick Bonino (Buc) for Interference (Minor) at 5:54, Daniel Tjarnqvist (MAN) for Interference (Minor) at 14:08, Nick Bonino (Buc) for Interference (Minor) at 18:28
Goalie Stats
Michael Leighton (MAN), 28 saves from 30 shots - (0,933), W, 13-8-6, 60:00 minutes
Thomas McCollum (Buc), 27 saves from 30 shots - (0,900), L, 4-11-3, 60:00 minutes
Players Stats for Monarchs
Player Name G A P +/- PIM S H SB GA TA FO MP PP MP PK MP
------------------------------------------------------------------------------------
Alec Martinez 0 0 0 1 4 0 0 1 0 0 0/0 15:28 3:06 1:11
Barry Tallackson 0 1 1 1 2 1 1 1 2 0 0/0 16:59 4:13 1:01
Bryan Bickell 1 0 1 1 0 2 8 3 1 0 1/3 18:21 4:10 2:11
Carl Hagelin 0 0 0 0 0 1 0 1 0 0 0/0 6:49 0:00 0:00
Chris Clark 1 1 2 2 2 4 2 0 0 0 2/3 21:24 5:00 1:28
Colby Robak 0 0 0 0 0 0 0 0 0 0 0/0 5:13 0:00 0:00
Colin Fraser 0 0 0 0 0 0 0 0 1 0 1/2 11:48 1:37 1:18
Daniel Tjarnqvist 0 0 0 2 2 2 3 2 1 1 0/0 25:35 5:31 3:11
David Fischer 0 0 0 0 0 0 1 0 0 1 0/0 11:27 0:00 2:04
Jake Muzzin 0 0 0 0 0 0 0 0 0 0 0/0 0:00 0:00 0:00
Jamie McGinn 0 0 0 0 0 0 0 0 0 0 0/0 0:18 0:04 0:00
Jarret Stoll 1 0 1 2 0 6 0 1 1 1 20/33 23:28 4:54 3:40
Jonathan Matsumoto 0 0 0 0 0 6 1 0 1 0 4/11 16:18 2:36 0:00
Kevin Marshall 0 0 0 0 0 0 1 0 0 0 0/0 10:59 1:02 0:00
Martin Sonnenberg 0 2 2 2 0 3 2 0 0 0 1/4 17:07 2:01 2:56
Matt Foy 0 0 0 0 0 0 0 0 0 1 0/2 11:11 0:07 0:00
Maxime Macenauer 0 0 0 0 0 0 0 0 0 0 0/0 0:07 0:00 0:00
Patrice Cormier 0 0 0 0 0 0 0 0 0 0 0/0 0:00 0:00 0:00
Patrik Berglund 0 1 1 1 0 0 1 0 0 0 1/5 14:20 3:39 0:00
Raphael Diaz 0 0 0 2 0 5 2 0 1 1 0/0 26:19 4:56 4:12
Slava Voynov 0 0 0 0 0 0 0 0 0 0 0/0 6:09 0:00 0:53
Tommy Wingels 0 0 0 0 0 0 0 0 0 0 0/0 0:00 0:00 0:00
Travis Hamonic 0 0 0 1 0 0 1 2 0 0 0/0 18:53 4:19 3:07
Trevor Lewis 0 0 0 0 0 0 0 0 0 0 0/0 0:00 0:00 0:00
Zach Boychuk 0 0 0 0 0 0 1 0 0 0 2/3 14:23 0:00 2:04
Players Stats for High Goats
Player Name G A P +/- PIM S H SB GA TA FO MP PP MP PK MP
------------------------------------------------------------------------------------
Anton Stralman 0 1 1 -2 0 0 3 0 0 2 0/0 27:11 4:23 5:38
Arturs Kulda 0 0 0 0 0 1 0 0 0 1 0/0 12:21 0:00 0:00
Brandon Bollig 0 0 0 0 2 0 1 1 0 0 1/1 10:57 0:04 0:00
Brendon Segal 0 0 0 0 0 1 1 0 0 0 0/0 11:45 0:04 0:00
Dana Tyrell 0 0 0 0 0 4 0 0 1 0 5/7 10:59 0:00 3:58
Drayson Bowman 0 0 0 0 0 0 0 1 0 0 0/0 14:31 3:36 0:00
Gord Baldwin 0 0 0 0 0 2 0 1 0 0 0/0 16:47 0:00 4:07
Jason Ryznar 0 0 0 0 0 3 1 0 0 0 0/0 9:54 0:04 1:59
Jesse Winchester 0 1 1 -3 0 5 0 0 0 1 18/40 23:00 3:39 4:58
Jiri Tlusty 0 0 0 -3 0 2 1 0 1 0 0/0 17:17 3:39 0:00
Jonathan Tremblay 0 0 0 0 0 0 0 0 1 0 0/0 9:18 0:00 2:17
Joshua Bailey 0 0 0 0 0 0 0 0 0 0 4/7 11:07 0:00 0:31
Matt Frattin 0 0 0 0 0 3 1 0 0 0 0/1 13:34 3:36 0:00
Matt Irwin 1 0 1 -2 0 1 1 1 2 3 0/0 27:10 4:23 5:20
Matt Taormina 0 0 0 -1 2 2 0 0 0 1 0/0 19:35 2:56 3:03
Nick Bonino 0 0 0 0 6 2 3 1 0 0 5/8 15:03 3:36 0:00
Pavel Brendl 1 1 2 -3 0 3 2 0 0 0 1/2 22:53 3:39 5:11
Thomas Hickey 0 0 0 -1 0 1 3 0 0 0 0/0 17:06 2:56 0:46
3 Stars
1 - Bryan Bickell (MAN)
2 - Chris Clark (MAN)
3 - Martin Sonnenberg (MAN)
Power Play
Monarchs - 0 on 5 Attempt(s) - 0,00%
High Goats - 2 on 5 Attempt(s) - 40,00%
Penalty Kill
Monarchs - 3 on 5 Attempt(s) - 60,00%
- Score 0 goal in Penalty Kill
High Goats - 5 on 5 Attempt(s) - 100,00%
- Score 0 goal in Penalty Kill
Official
Referees : StLaurent Francois and Auger Stephane
Linesman : Mark Wheler and Scott Cherrey
Game Notes
Martin Sonnenberg is injured at 0:04 of 3rd period (Right Leg)
Alec Martinez is injured at 16:06 of 3rd period (Sprained Left Finger)
16:41 of 3rd period - Monarchs goal is going for a video replay. After video review, No Goal. The puck has been kicked using a distinct kicking motion.
Finance
Level 1 -- Attendance: 1483 (74,15%) -- Ticket Income 51 905 $
Level 2 -- Attendance: 645 (64,50%) -- Ticket Income 9 675 $
Total Attendance: 2128 (70,93%)
Total Ticket Income: 61 580 $
Other Income: 3 079 $
Total Income: 64 659 $
Monarchs
5 vs 5 Forward
Center Left Wing Right Wing Time % Phy DF OF
1 Jarret Stoll Martin Sonnenberg Chris Clark 40 1 2 2
2 Patrik Berglund Bryan Bickell Barry Tallackson 30 1 2 2
3 Jonathan Matsumoto Zach Boychuk Matt Foy 20 1 2 2
4 Colin Fraser Carl Hagelin Martin Sonnenberg 10 1 2 2
5 vs 5 Defense
Defense Defense Time % Phy DF OF
1 Daniel Tjarnqvist Raphael Diaz 40 1 2 2
2 Alec Martinez Travis Hamonic 30 1 2 2
3 Kevin Marshall David Fischer 20 1 2 2
4 Slava Voynov Colby Robak 10 1 2 2
PowerPlay Forward
Center Left Wing Right Wing Time % Phy DF OF
1 Jarret Stoll Martin Sonnenberg Chris Clark 60 1 2 2
2 Patrik Berglund Bryan Bickell Barry Tallackson 40 1 2 2
PowerPlay Defense
Defense Defense Time % Phy DF OF
1 Daniel Tjarnqvist Raphael Diaz 60 1 2 2
2 Alec Martinez Travis Hamonic 40 1 2 2
Penalty Kill 4 Players Forward
Center Wing Time % Phy DF OF
1 Martin Sonnenberg Jarret Stoll 60 1 2 2
2 Chris Clark Barry Tallackson 40 1 2 2
Penalty Kill 4 Players Defense
Defense Defense Time % Phy DF OF
1 Daniel Tjarnqvist Raphael Diaz 60 1 2 2
2 Alec Martinez Travis Hamonic 40 1 2 2
Penalty Kill - 3 Players Forward
Forward Time % Phy DF OF
1 Martin Sonnenberg 60 1 2 2
2 Jarret Stoll 40 1 2 2
Penalty Kill - 3 Players Defense
Defense Defense Time % Phy DF OF
1 Daniel Tjarnqvist Raphael Diaz 60 1 2 2
2 Alec Martinez Travis Hamonic 40 1 2 2
4 vs 4 Forward
Center Wing Time % Phy DF OF
1 Martin Sonnenberg Jarret Stoll 60 1 2 2
2 Chris Clark Barry Tallackson 40 1 2 2
4 vs 4 Defense
Defense Defense Time % Phy DF OF
1 Daniel Tjarnqvist Raphael Diaz 60 1 2 2
2 Alec Martinez Travis Hamonic 40 1 2 2
Last Minutes Offensive
Center Left Wing Right Wing Defense Defense
Jarret Stoll Martin Sonnenberg Chris Clark Daniel Tjarnqvist Raphael Diaz
Last Minutes Defensive
Center Left Wing Right Wing Defense Defense
Jarret Stoll Martin Sonnenberg Chris Clark Daniel Tjarnqvist Raphael Diaz
Goaltenders
Starting : Michael Leighton
Backup : Richard Bachman
Extra Forwards
Normal : Jonathan Matsumoto, Colin Fraser, Zach Boychuk - PP : Jonathan Matsumoto, Colin Fraser - PK : Zach Boychuk
Extra Defensemen
Normal : Kevin Marshall, David Fischer, Slava Voynov - PP : Kevin Marshall - PK : David Fischer, Slava Voynov
Penalty Shots
Martin Sonnenberg, Jarret Stoll, Chris Clark, Barry Tallackson, Patrik Berglund
High Goats
5 vs 5 Forward
Center Left Wing Right Wing Time % Phy DF OF
1 Jesse Winchester Jiri Tlusty Pavel Brendl 40 1 2 2
2 Nick Bonino Drayson Bowman Brendon Segal 30 1 2 2
3 Joshua Bailey Brandon Bollig Matt Frattin 20 1 2 2
4 Dana Tyrell Jason Ryznar Jonathan Tremblay 10 1 2 2
5 vs 5 Defense
Defense Defense Time % Phy DF OF
1 Anton Stralman Matt Irwin 40 1 2 2
2 Matt Taormina Thomas Hickey 30 1 2 2
3 Arturs Kulda Gord Baldwin 20 1 2 2
4 Anton Stralman Matt Irwin 10 1 2 2
PowerPlay Forward
Center Left Wing Right Wing Time % Phy DF OF
1 Jesse Winchester Jiri Tlusty Pavel Brendl 60 1 2 2
2 Nick Bonino Drayson Bowman Matt Frattin 40 1 2 2
PowerPlay Defense
Defense Defense Time % Phy DF OF
1 Anton Stralman Matt Irwin 60 1 2 2
2 Matt Taormina Thomas Hickey 40 1 2 2
Penalty Kill 4 Players Forward
Center Wing Time % Phy DF OF
1 Jesse Winchester Pavel Brendl 60 1 2 2
2 Dana Tyrell Jonathan Tremblay 40 1 2 2
Penalty Kill 4 Players Defense
Defense Defense Time % Phy DF OF
1 Anton Stralman Matt Irwin 60 1 2 2
2 Matt Taormina Gord Baldwin 40 1 2 2
Penalty Kill - 3 Players Forward
Forward Time % Phy DF OF
1 Pavel Brendl 60 1 2 2
2 Dana Tyrell 40 1 2 2
Penalty Kill - 3 Players Defense
Defense Defense Time % Phy DF OF
1 Anton Stralman Matt Irwin 60 1 2 2
2 Matt Taormina Gord Baldwin 40 1 2 2
4 vs 4 Forward
Center Wing Time % Phy DF OF
1 Jesse Winchester Pavel Brendl 60 1 2 2
2 Nick Bonino Brendon Segal 40 1 2 2
4 vs 4 Defense
Defense Defense Time % Phy DF OF
1 Anton Stralman Matt Irwin 60 1 2 2
2 Matt Taormina Thomas Hickey 40 1 2 2
Last Minutes Offensive
Center Left Wing Right Wing Defense Defense
Nick Bonino Jiri Tlusty Pavel Brendl Anton Stralman Matt Irwin
Last Minutes Defensive
Center Left Wing Right Wing Defense Defense
Nick Bonino Jiri Tlusty Pavel Brendl Anton Stralman Matt Irwin
Goaltenders
Starting : Thomas McCollum
Backup : Keith Kinkaid
Extra Forwards
Normal : Brandon Bollig, Drayson Bowman, Dana Tyrell - PP : Brandon Bollig, Drayson Bowman - PK : Dana Tyrell
Extra Defensemen
Normal : Arturs Kulda, Thomas Hickey, Matt Taormina - PP : Arturs Kulda - PK : Thomas Hickey, Matt Taormina
Penalty Shots
Pavel Brendl, Jiri Tlusty, Jonathan Tremblay, Joshua Bailey, Jason Ryznar
% Time on Ice - Monarchs
Lines # - Real PCT - Wanted PCT - Time Play
Normal Forward
1 - 35% - 40% - 15:01
2 - 25% - 30% - 10:44
3 - 25% - 20% - 10:40
4 - 16% - 10% - 6:49
Normal Defense
1 - 40% - 40% - 17:11
2 - 26% - 30% - 11:27
3 - 22% - 20% - 9:23
4 - 12% - 10% - 5:13
PP Forward
1 - 61% - 60% - 5:48
2 - 39% - 40% - 3:39
PP Defense
1 - 54% - 60% - 5:08
2 - 46% - 40% - 4:19
PK Forward
1 - 80% - 60% - 5:51
2 - 20% - 40% - 1:28
PK Defense
1 - 57% - 60% - 4:12
2 - 43% - 40% - 3:07
PK3 Forward
1 - 0% - 60%
2 - 0% - 40%
PK3 Defense
1 - 0% - 60%
2 - 0% - 40%
44 Forward
1 - 0% - 60%
2 - 0% - 40%
44 Defense
1 - 0% - 60%
2 - 0% - 40%
Last Minute Offensive - 0:00
Last Minute Defensive - 0:00
Total
Forward - 60:00
Defense - 60:00
|
% Time on Ice - High Goats
Lines # - Real PCT - Wanted PCT - Time Play
Normal Forward
1 - 34% - 40% - 14:53
2 - 25% - 30% - 10:55
3 - 24% - 20% - 10:25
4 - 16% - 10% - 7:01
Normal Defense
1 - 39% - 40% - 16:40
2 - 32% - 30% - 14:03
3 - 27% - 20% - 11:44
4 - 2% - 10% - 0:47
PP Forward
1 - 51% - 60% - 3:43
2 - 49% - 40% - 3:36
PP Defense
1 - 60% - 60% - 4:23
2 - 40% - 40% - 2:56
PK Forward
1 - 76% - 60% - 7:10
2 - 24% - 40% - 2:17
PK Defense
1 - 56% - 60% - 5:20
2 - 44% - 40% - 4:07
PK3 Forward
1 - 0% - 60%
2 - 0% - 40%
PK3 Defense
1 - 0% - 60%
2 - 0% - 40%
44 Forward
1 - 0% - 60%
2 - 0% - 40%
44 Defense
1 - 0% - 60%
2 - 0% - 40%
Last Minute Offensive - 0:00
Last Minute Defensive - 0:00
Total
Forward - 60:00
Defense - 60:00
|
Play by Play
1st period
0:01 of 1st period - Jarret Stoll wins face-off versus Jesse Winchester in neutral zone.
0:32 of 1st period - Snap shot by Barry Tallackson.
0:32 of 1st period - Shot Misses the Net.
0:34 of 1st period - Slapshot by Daniel Tjarnqvist.
0:34 of 1st period - Shot Blocked by Matt Irwin.
0:36 of 1st period - Slapshot by Raphael Diaz.
0:36 of 1st period - Shot Misses the Net.
1:32 of 1st period - Wrist shot by Patrik Berglund.
1:32 of 1st period - Shot Misses the Net.
1:34 of 1st period - Wrist shot by Barry Tallackson.
1:34 of 1st period - Deflect By Bryan Bickell.
1:34 of 1st period - Goal by Bryan Bickell - Monarchs : 1 - High Goats : 0.
1:35 of 1st period - Jarret Stoll wins face-off versus Nick Bonino in neutral zone.
2:25 of 1st period - Brandon Bollig is hit by Bryan Bickell and loses puck.
3:20 of 1st period - Backhand shot by Jesse Winchester.
3:20 of 1st period - Stopped by Michael Leighton without a rebound.
3:21 of 1st period - Jesse Winchester wins face-off versus Jarret Stoll in Monarchs zone.
3:33 of 1st period - Icing by Kevin Marshall.
3:34 of 1st period - Chris Clark wins face-off versus Nick Bonino in Monarchs zone.
4:30 of 1st period - Snap shot by Barry Tallackson.
4:30 of 1st period - Shot Blocked by Brandon Bollig.
4:38 of 1st period - Anton Stralman is hit by Bryan Bickell.
5:12 of 1st period - Raphael Diaz is hit by Thomas Hickey and loses puck.
6:55 of 1st period - Snap shot by Matt Frattin.
6:55 of 1st period - Stopped by Michael Leighton with a rebound.
7:13 of 1st period - Slapshot by Anton Stralman.
7:13 of 1st period - Shot Blocked by Daniel Tjarnqvist.
7:15 of 1st period - Snap shot by Dana Tyrell.
7:15 of 1st period - Stopped by Michael Leighton with a rebound.
7:26 of 1st period - Icing by Chris Clark.
7:27 of 1st period - Jesse Winchester wins face-off versus Jarret Stoll in Monarchs zone.
7:52 of 1st period - Chris Clark is hit by Anton Stralman and loses puck.
8:52 of 1st period - Minor Penalty to Matt Taormina for Tripping.
8:53 of 1st period - Jesse Winchester wins face-off versus Patrik Berglund in High Goats zone.
9:08 of 1st period - Snap shot by Barry Tallackson.
9:08 of 1st period - Shot Misses the Net.
9:51 of 1st period - Jason Ryznar is hit by Bryan Bickell and loses puck.
10:52 of 1st period - Penalty to Matt Taormina is over, Matt Taormina is back on ice.
10:55 of 1st period - Matt Taormina is hit by Chris Clark and loses puck.
11:08 of 1st period - Wrist shot by Nick Bonino.
11:08 of 1st period - Stopped by Michael Leighton without a rebound.
11:09 of 1st period - Nick Bonino wins face-off versus Jonathan Matsumoto in Monarchs zone.
11:21 of 1st period - Kevin Marshall is hit by Thomas Hickey and loses puck.
12:03 of 1st period - Snap shot by Pavel Brendl.
12:03 of 1st period - Stopped by Michael Leighton with a rebound.
12:05 of 1st period - Snap shot by Dana Tyrell.
12:05 of 1st period - Stopped by Michael Leighton without a rebound.
12:06 of 1st period - Dana Tyrell wins face-off versus Jarret Stoll in Monarchs zone.
12:09 of 1st period - Snap shot by Jason Ryznar.
12:09 of 1st period - Shot Misses the Net.
12:11 of 1st period - Snap shot by Jason Ryznar.
12:11 of 1st period - Stopped by Michael Leighton without a rebound.
12:12 of 1st period - Jesse Winchester wins face-off versus Bryan Bickell in Monarchs zone.
12:23 of 1st period - Pavel Brendl is hit by Patrik Berglund.
12:43 of 1st period - Wrist shot by Jonathan Matsumoto.
12:43 of 1st period - Stopped by Thomas McCollum without a rebound.
12:44 of 1st period - Jesse Winchester wins face-off versus Jarret Stoll in High Goats zone.
12:56 of 1st period - Off-side.
12:57 of 1st period - Jarret Stoll wins face-off versus Jesse Winchester in neutral zone.
13:12 of 1st period - Slapshot by Jarret Stoll.
13:12 of 1st period - Shot Misses the Net.
13:51 of 1st period - Matt Irwin is hit by Raphael Diaz and loses puck.
14:03 of 1st period - Off-side.
14:04 of 1st period - Colin Fraser wins face-off versus Dana Tyrell in neutral zone.
14:14 of 1st period - Wrist shot by Jason Ryznar.
14:14 of 1st period - Shot Misses the Net.
15:08 of 1st period - Snap shot by Patrik Berglund.
15:08 of 1st period - Shot Blocked by Gord Baldwin.
15:29 of 1st period - Snap shot by Jonathan Matsumoto.
15:29 of 1st period - Shot Misses the Net.
16:21 of 1st period - Chris Clark is hit by Pavel Brendl and loses puck.
16:34 of 1st period - Snap shot by Matt Frattin.
16:34 of 1st period - Stopped by Michael Leighton without a rebound.
16:35 of 1st period - Jonathan Matsumoto wins face-off versus Joshua Bailey in Monarchs zone.
16:47 of 1st period - Icing by Thomas Hickey.
16:48 of 1st period - Joshua Bailey wins face-off versus Patrik Berglund in High Goats zone.
17:00 of 1st period - Thomas Hickey is hit by Bryan Bickell and loses puck.
18:30 of 1st period - Backhand shot by Pavel Brendl.
18:30 of 1st period - Shot Misses the Net.
18:32 of 1st period - Snap shot by Jesse Winchester.
18:32 of 1st period - Stopped by Michael Leighton without a rebound.
18:33 of 1st period - Jesse Winchester wins face-off versus Jarret Stoll in Monarchs zone.
18:36 of 1st period - Snap shot by Jesse Winchester.
18:36 of 1st period - Stopped by Michael Leighton with a rebound.
19:05 of 1st period - Drayson Bowman is hit by Kevin Marshall.
19:45 of 1st period - Jesse Winchester is hit by Martin Sonnenberg and loses puck.
Goals for this period are 1 for Monarchs vs 0 for High Goats.
Shots for this period are 2 for Monarchs vs 10 for High Goats.
2nd period
0:01 of 2nd period - Jesse Winchester wins face-off versus Jarret Stoll in neutral zone.
0:04 of 2nd period - Wrist shot by Jiri Tlusty.
0:04 of 2nd period - Stopped by Michael Leighton without a rebound.
0:05 of 2nd period - Jesse Winchester wins face-off versus Jarret Stoll in Monarchs zone.
0:06 of 2nd period - Wrist shot by Pavel Brendl.
0:06 of 2nd period - Shot Misses the Net.
0:14 of 2nd period - Snap shot by Chris Clark.
0:14 of 2nd period - Stopped by Thomas McCollum with a rebound.
0:16 of 2nd period - Snap shot by Chris Clark.
0:16 of 2nd period - Goal by Chris Clark - Monarchs : 2 - High Goats : 0.
0:17 of 2nd period - Chris Clark wins face-off versus Jesse Winchester in neutral zone.
0:42 of 2nd period - Matt Irwin is hit by Bryan Bickell and loses puck.
0:47 of 2nd period - Wrist shot by Patrik Berglund.
0:47 of 2nd period - Shot Misses the Net.
0:49 of 2nd period - Snap shot by Barry Tallackson.
0:49 of 2nd period - Shot Misses the Net.
0:51 of 2nd period - Wrist shot by Barry Tallackson.
0:51 of 2nd period - Shot Misses the Net.
1:02 of 2nd period - Icing by Travis Hamonic.
1:03 of 2nd period - Joshua Bailey wins face-off versus Jonathan Matsumoto in Monarchs zone.
1:04 of 2nd period - Wrist shot by Matt Taormina.
1:04 of 2nd period - Shot Misses the Net.
1:12 of 2nd period - Slapshot by Jonathan Matsumoto.
1:12 of 2nd period - Stopped by Thomas McCollum with a rebound.
1:14 of 2nd period - Snap shot by Jonathan Matsumoto.
1:14 of 2nd period - Shot Misses the Net.
1:16 of 2nd period - Slapshot by Jonathan Matsumoto.
1:16 of 2nd period - Shot Misses the Net.
1:24 of 2nd period - Minor Penalty to Brandon Bollig for Holding.
1:25 of 2nd period - Martin Sonnenberg wins face-off versus Jesse Winchester in High Goats zone.
1:30 of 2nd period - Snap shot by Jarret Stoll.
1:30 of 2nd period - Deflect By Matt Irwin.
1:30 of 2nd period - Shot Misses the Net.
1:30 of 2nd period - Puck is out of play.
1:31 of 2nd period - Jarret Stoll wins face-off versus Jesse Winchester in High Goats zone.
2:24 of 2nd period - Matt Taormina is hit by Daniel Tjarnqvist.
3:24 of 2nd period - Penalty to Brandon Bollig is over, Brandon Bollig is back on ice.
3:33 of 2nd period - Off-side.
3:34 of 2nd period - Nick Bonino wins face-off versus Jonathan Matsumoto in neutral zone.
3:48 of 2nd period - Wrist shot by Jonathan Matsumoto.
3:48 of 2nd period - Stopped by Thomas McCollum with a rebound.
4:56 of 2nd period - Snap shot by Brendon Segal.
4:56 of 2nd period - Shot Misses the Net.
4:58 of 2nd period - Slapshot by Matt Irwin.
4:58 of 2nd period - Shot Hit the Post.
5:16 of 2nd period - Slapshot by Daniel Tjarnqvist.
5:16 of 2nd period - Stopped by Thomas McCollum with a rebound.
6:02 of 2nd period - Slapshot by Brendon Segal.
6:02 of 2nd period - Stopped by Michael Leighton with a rebound.
6:24 of 2nd period - Martin Sonnenberg is hit by Brandon Bollig.
6:50 of 2nd period - Jason Ryznar is hit by Bryan Bickell and loses puck.
7:16 of 2nd period - Zach Boychuk is hit by Nick Bonino and loses puck.
7:41 of 2nd period - Snap shot by Jason Ryznar.
7:41 of 2nd period - Stopped by Michael Leighton without a rebound.
7:42 of 2nd period - Dana Tyrell wins face-off versus Patrik Berglund in Monarchs zone.
7:43 of 2nd period - Slapshot by Anton Stralman.
7:43 of 2nd period - Shot Blocked by Barry Tallackson.
7:45 of 2nd period - Minor Penalty to Alec Martinez for Hooking.
7:46 of 2nd period - Jesse Winchester wins face-off versus Martin Sonnenberg in Monarchs zone.
7:49 of 2nd period - Wrist shot by Pavel Brendl.
7:49 of 2nd period - Stopped by Michael Leighton with a rebound.
7:51 of 2nd period - Snap shot by Anton Stralman.
7:51 of 2nd period - Shot Misses the Net.
7:53 of 2nd period - Snap shot by Jesse Winchester.
7:53 of 2nd period - Stopped by Michael Leighton with a rebound.
7:55 of 2nd period - Snap shot by Pavel Brendl.
7:55 of 2nd period - Deflect By Jesse Winchester.
7:55 of 2nd period - Stopped by Michael Leighton with a rebound.
7:57 of 2nd period - Wrist shot by Pavel Brendl.
7:57 of 2nd period - Shot Blocked by Daniel Tjarnqvist.
8:25 of 2nd period - Raphael Diaz is hit by Nick Bonino and loses puck.
9:45 of 2nd period - Penalty to Alec Martinez is over, Alec Martinez is back on ice.
9:47 of 2nd period - Off-side.
9:48 of 2nd period - Dana Tyrell wins face-off versus Matt Foy in neutral zone.
9:55 of 2nd period - Snap shot by Jason Ryznar.
9:55 of 2nd period - Stopped by Michael Leighton with a rebound.
9:57 of 2nd period - Wrist shot by Dana Tyrell.
9:57 of 2nd period - Deflect By Jason Ryznar.
9:57 of 2nd period - Shot Misses the Net.
9:57 of 2nd period - Puck is out of play.
9:58 of 2nd period - Dana Tyrell wins face-off versus Matt Foy in Monarchs zone.
10:11 of 2nd period - Slapshot by Jason Ryznar.
10:11 of 2nd period - Shot Misses the Net.
10:13 of 2nd period - Slapshot by Matt Taormina.
10:13 of 2nd period - Stopped by Michael Leighton without a rebound.
10:14 of 2nd period - Jarret Stoll wins face-off versus Jesse Winchester in Monarchs zone.
10:19 of 2nd period - Snap shot by Raphael Diaz.
10:19 of 2nd period - Deflect By Matt Irwin.
10:19 of 2nd period - Stopped by Thomas McCollum without a rebound.
10:20 of 2nd period - Jarret Stoll wins face-off versus Pavel Brendl in High Goats zone.
10:45 of 2nd period - Slapshot by Barry Tallackson.
10:45 of 2nd period - Deflect By Nick Bonino.
10:45 of 2nd period - Stopped by Thomas McCollum with a rebound.
10:47 of 2nd period - Wrist shot by Bryan Bickell.
10:47 of 2nd period - Stopped by Thomas McCollum with a rebound.
10:49 of 2nd period - Wrist shot by Daniel Tjarnqvist.
10:49 of 2nd period - Stopped by Thomas McCollum with a rebound.
10:51 of 2nd period - Wrist shot by Patrik Berglund.
10:51 of 2nd period - Shot Misses the Net.
10:53 of 2nd period - Slapshot by Raphael Diaz.
10:53 of 2nd period - Stopped by Thomas McCollum without a rebound.
10:54 of 2nd period - Jesse Winchester wins face-off versus Jarret Stoll in High Goats zone.
10:54 of 2nd period - Jesse Winchester is hit by Chris Clark.
10:57 of 2nd period - Pavel Brendl is hit by Martin Sonnenberg and loses puck.
11:06 of 2nd period - Snap shot by Chris Clark.
11:06 of 2nd period - Deflect By Martin Sonnenberg.
11:06 of 2nd period - Stopped by Thomas McCollum with a rebound.
11:16 of 2nd period - Minor Penalty to Alec Martinez for High sticking.
11:17 of 2nd period - Jarret Stoll wins face-off versus Jesse Winchester in Monarchs zone.
11:42 of 2nd period - Martin Sonnenberg is hit by Anton Stralman and loses puck.
12:41 of 2nd period - Travis Hamonic is hit by Anton Stralman and loses puck.
13:16 of 2nd period - Penalty to Alec Martinez is over, Alec Martinez is back on ice.
14:13 of 2nd period - Off-side.
14:14 of 2nd period - Brandon Bollig wins face-off versus Jonathan Matsumoto in neutral zone.
14:36 of 2nd period - Off-side.
14:37 of 2nd period - Jarret Stoll wins face-off versus Jesse Winchester in neutral zone.
14:39 of 2nd period - Off-side.
14:40 of 2nd period - Jarret Stoll wins face-off versus Jesse Winchester in neutral zone.
14:45 of 2nd period - Snap shot by Jarret Stoll.
14:45 of 2nd period - Stopped by Thomas McCollum without a rebound.
14:46 of 2nd period - Jesse Winchester wins face-off versus Jarret Stoll in High Goats zone.
14:59 of 2nd period - Slapshot by Jarret Stoll.
14:59 of 2nd period - Stopped by Thomas McCollum without a rebound.
15:00 of 2nd period - Jarret Stoll wins face-off versus Jesse Winchester in High Goats zone.
15:08 of 2nd period - Icing by Jesse Winchester.
15:09 of 2nd period - Jarret Stoll wins face-off versus Jesse Winchester in High Goats zone.
15:12 of 2nd period - Snap shot by Chris Clark.
15:12 of 2nd period - Stopped by Thomas McCollum without a rebound.
15:13 of 2nd period - Jarret Stoll wins face-off versus Jesse Winchester in High Goats zone.
15:18 of 2nd period - Snap shot by Jarret Stoll.
15:18 of 2nd period - Stopped by Thomas McCollum without a rebound.
15:19 of 2nd period - Jarret Stoll wins face-off versus Jesse Winchester in High Goats zone.
15:32 of 2nd period - Backhand shot by Jarret Stoll.
15:32 of 2nd period - Goal by Jarret Stoll - Monarchs : 3 - High Goats : 0.
15:33 of 2nd period - Jarret Stoll wins face-off versus Jesse Winchester in neutral zone.
15:36 of 2nd period - Wrist shot by Martin Sonnenberg.
15:36 of 2nd period - Stopped by Thomas McCollum with a rebound.
15:38 of 2nd period - Snap shot by Martin Sonnenberg.
15:38 of 2nd period - Shot Misses the Net.
15:40 of 2nd period - Wrist shot by Martin Sonnenberg.
15:40 of 2nd period - Stopped by Thomas McCollum with a rebound.
15:42 of 2nd period - Slapshot by Raphael Diaz.
15:42 of 2nd period - Stopped by Thomas McCollum without a rebound.
15:43 of 2nd period - Pavel Brendl wins face-off versus Jarret Stoll in High Goats zone.
15:59 of 2nd period - Minor Penalty to Chris Clark for Cross-checking.
16:00 of 2nd period - Jesse Winchester wins face-off versus Martin Sonnenberg in Monarchs zone.
16:00 of 2nd period - Snap shot by Pavel Brendl.
16:00 of 2nd period - Goal by Pavel Brendl - Monarchs : 3 - High Goats : 1.
16:01 of 2nd period - Jarret Stoll wins face-off versus Jesse Winchester in neutral zone.
16:04 of 2nd period - Anton Stralman is hit by Daniel Tjarnqvist and loses puck.
16:27 of 2nd period - Nick Bonino is hit by Bryan Bickell and loses puck.
17:32 of 2nd period - Minor Penalty to Barry Tallackson for Goalie Interference.
17:33 of 2nd period - Jesse Winchester wins face-off versus Martin Sonnenberg in Monarchs zone.
18:17 of 2nd period - Daniel Tjarnqvist is hit by Thomas Hickey and loses puck.
18:28 of 2nd period - Anton Stralman is hit by Raphael Diaz and loses puck.
19:31 of 2nd period - Travis Hamonic is hit by Jason Ryznar and loses puck.
19:32 of 2nd period - Penalty to Barry Tallackson is over, Barry Tallackson is back on ice.
19:44 of 2nd period - Slapshot by Jarret Stoll.
19:44 of 2nd period - Shot Misses the Net.
19:50 of 2nd period - Snap shot by Jarret Stoll.
19:50 of 2nd period - Stopped by Thomas McCollum without a rebound.
19:51 of 2nd period - Dana Tyrell wins face-off versus Jonathan Matsumoto in High Goats zone.
19:51 of 2nd period - Dana Tyrell is hit by David Fischer.
Goals for this period are 2 for Monarchs vs 1 for High Goats.
Shots for this period are 20 for Monarchs vs 9 for High Goats.
3rd period
0:01 of 3rd period - Jarret Stoll wins face-off versus Jesse Winchester in neutral zone.
0:03 of 3rd period - Martin Sonnenberg is hit by Jiri Tlusty.
0:04 of 3rd period - Martin Sonnenberg from Monarchs is injured at 0:04 of 3rd period (Right Leg).
0:05 of 3rd period - Jarret Stoll wins face-off versus Jesse Winchester in neutral zone.
0:12 of 3rd period - Slapshot by Jonathan Matsumoto.
0:12 of 3rd period - Shot Misses the Net.
0:18 of 3rd period - Daniel Tjarnqvist is hit by Pavel Brendl and loses puck.
0:36 of 3rd period - Slapshot by Raphael Diaz.
0:36 of 3rd period - Stopped by Thomas McCollum without a rebound.
0:37 of 3rd period - Nick Bonino wins face-off versus Bryan Bickell in High Goats zone.
0:37 of 3rd period - Nick Bonino is hit by Barry Tallackson.
0:45 of 3rd period - Snap shot by Barry Tallackson.
0:45 of 3rd period - Shot Blocked by Nick Bonino.
0:47 of 3rd period - Minor Penalty to Nick Bonino for Interference.
0:48 of 3rd period - Jesse Winchester wins face-off versus Chris Clark in High Goats zone.
1:27 of 3rd period - Snap shot by Jonathan Tremblay.
1:27 of 3rd period - Deflect By Dana Tyrell.
1:27 of 3rd period - Stopped by Michael Leighton with a rebound.
1:29 of 3rd period - Slapshot by Gord Baldwin.
1:29 of 3rd period - Stopped by Michael Leighton with a rebound.
1:31 of 3rd period - Snap shot by Dana Tyrell.
1:31 of 3rd period - Stopped by Michael Leighton with a rebound.
2:47 of 3rd period - Penalty to Nick Bonino is over, Nick Bonino is back on ice.
3:14 of 3rd period - Wrist shot by Joshua Bailey.
3:14 of 3rd period - Deflect By Chris Clark.
3:14 of 3rd period - Shot Blocked by Carl Hagelin.
3:14 of 3rd period - Puck is out of play.
3:15 of 3rd period - Joshua Bailey wins face-off versus Colin Fraser in Monarchs zone.
3:16 of 3rd period - Snap shot by Matt Frattin.
3:16 of 3rd period - Stopped by Michael Leighton with a rebound.
3:30 of 3rd period - Zach Boychuk is hit by Brendon Segal.
3:34 of 3rd period - Snap shot by Brendon Segal.
3:34 of 3rd period - Shot Misses the Net.
3:36 of 3rd period - Slapshot by Arturs Kulda.
3:36 of 3rd period - Stopped by Michael Leighton with a rebound.
3:38 of 3rd period - Slapshot by Gord Baldwin.
3:38 of 3rd period - Stopped by Michael Leighton without a rebound.
3:39 of 3rd period - Nick Bonino wins face-off versus Patrik Berglund in Monarchs zone.
3:48 of 3rd period - Snap shot by Nick Bonino.
3:48 of 3rd period - Stopped by Michael Leighton with a rebound.
4:04 of 3rd period - Arturs Kulda is hit by Jonathan Matsumoto and loses puck.
4:09 of 3rd period - Snap shot by Jonathan Matsumoto.
4:09 of 3rd period - Shot Misses the Net.
4:43 of 3rd period - Snap shot by Carl Hagelin.
4:43 of 3rd period - Stopped by Thomas McCollum with a rebound.
5:37 of 3rd period - Slapshot by Matt Taormina.
5:37 of 3rd period - Stopped by Michael Leighton without a rebound.
5:38 of 3rd period - Nick Bonino wins face-off versus Jonathan Matsumoto in Monarchs zone.
5:39 of 3rd period - Snap shot by Brendon Segal.
5:39 of 3rd period - Shot Misses the Net.
5:45 of 3rd period - Slapshot by Anton Stralman.
5:45 of 3rd period - Shot Misses the Net.
5:54 of 3rd period - Minor Penalty to Nick Bonino for Interference.
5:55 of 3rd period - Jesse Winchester wins face-off versus Jarret Stoll in High Goats zone.
6:07 of 3rd period - Snap shot by Jonathan Matsumoto.
6:07 of 3rd period - Shot Misses the Net.
6:09 of 3rd period - Snap shot by Raphael Diaz.
6:09 of 3rd period - Stopped by Thomas McCollum without a rebound.
6:10 of 3rd period - Jesse Winchester wins face-off versus Jarret Stoll in High Goats zone.
7:54 of 3rd period - Penalty to Nick Bonino is over, Nick Bonino is back on ice.
7:57 of 3rd period - Gord Baldwin is hit by Zach Boychuk and loses puck.
8:32 of 3rd period - Snap shot by Nick Bonino.
8:32 of 3rd period - Shot Misses the Net.
9:02 of 3rd period - David Fischer is hit by Matt Frattin and loses puck.
11:01 of 3rd period - Icing by Thomas Hickey.
11:02 of 3rd period - Jonathan Matsumoto wins face-off versus Dana Tyrell in High Goats zone.
11:28 of 3rd period - Icing by Barry Tallackson.
11:29 of 3rd period - Patrik Berglund wins face-off versus Jesse Winchester in Monarchs zone.
11:54 of 3rd period - Slapshot by Jonathan Matsumoto.
11:54 of 3rd period - Stopped by Thomas McCollum without a rebound.
11:55 of 3rd period - Jonathan Matsumoto wins face-off versus Nick Bonino in High Goats zone.
12:09 of 3rd period - Gord Baldwin is hit by Daniel Tjarnqvist and loses puck.
13:07 of 3rd period - Barry Tallackson is hit by Nick Bonino and loses puck.
13:12 of 3rd period - Snap shot by Nick Bonino.
13:12 of 3rd period - Shot Blocked by Bryan Bickell.
13:50 of 3rd period - Matt Irwin is hit by Bryan Bickell and loses puck.
14:08 of 3rd period - Minor Penalty to Daniel Tjarnqvist for Interference.
14:09 of 3rd period - Jarret Stoll wins face-off versus Jesse Winchester in Monarchs zone.
14:38 of 3rd period - Off-side.
14:39 of 3rd period - Bryan Bickell wins face-off versus Matt Frattin in neutral zone.
14:42 of 3rd period - Backhand shot by Raphael Diaz.
14:42 of 3rd period - Shot Blocked by Drayson Bowman.
15:02 of 3rd period - Backhand shot by Anton Stralman.
15:02 of 3rd period - Shot Blocked by Bryan Bickell.
15:04 of 3rd period - Wrist shot by Nick Bonino.
15:04 of 3rd period - Shot Blocked by Bryan Bickell.
15:15 of 3rd period - Off-side.
15:16 of 3rd period - Jesse Winchester wins face-off versus Zach Boychuk in neutral zone.
15:23 of 3rd period - Slapshot by Anton Stralman.
15:23 of 3rd period - Shot Blocked by Travis Hamonic.
15:25 of 3rd period - Slapshot by Anton Stralman.
15:25 of 3rd period - Shot Blocked by Travis Hamonic.
15:27 of 3rd period - Wrist shot by Pavel Brendl.
15:27 of 3rd period - Shot Misses the Net.
15:29 of 3rd period - Slapshot by Matt Irwin.
15:29 of 3rd period - Goal by Matt Irwin - Monarchs : 3 - High Goats : 2.
15:30 of 3rd period - Jonathan Matsumoto wins face-off versus Joshua Bailey in neutral zone.
15:39 of 3rd period - Slapshot by Jonathan Matsumoto.
15:39 of 3rd period - Stopped by Thomas McCollum with a rebound.
16:02 of 3rd period - Wrist shot by Jesse Winchester.
16:02 of 3rd period - Shot Blocked by Jarret Stoll.
16:04 of 3rd period - Slapshot by Thomas Hickey.
16:04 of 3rd period - Stopped by Michael Leighton without a rebound.
16:05 of 3rd period - Joshua Bailey wins face-off versus Jonathan Matsumoto in Monarchs zone.
16:06 of 3rd period - Snap shot by Matt Frattin.
16:06 of 3rd period - Shot Blocked by Alec Martinez.
16:06 of 3rd period - Alec Martinez from Monarchs is injured at 16:06 of 3rd period (Sprained Left Finger).
16:07 of 3rd period - Zach Boychuk wins face-off versus Joshua Bailey in Monarchs zone.
16:39 of 3rd period - Snap shot by Jarret Stoll.
16:39 of 3rd period - Stopped by Thomas McCollum with a rebound.
16:41 of 3rd period - Wrist shot by Chris Clark.
16:41 of 3rd period - Monarchs goal is going for a video replay.
16:41 of 3rd period - The goal is refused. The puck has been kicked using a distinct kicking motion..
16:42 of 3rd period - Jesse Winchester wins face-off versus Jarret Stoll in High Goats zone.
16:47 of 3rd period - Wrist shot by Jiri Tlusty.
16:47 of 3rd period - Stopped by Michael Leighton without a rebound.
16:48 of 3rd period - Zach Boychuk wins face-off versus Jesse Winchester in Monarchs zone.
17:45 of 3rd period - Raphael Diaz is hit by Matt Irwin and loses puck.
18:28 of 3rd period - Minor Penalty to Nick Bonino for Interference.
18:29 of 3rd period - Jarret Stoll wins face-off versus Jesse Winchester in High Goats zone.
18:30 of 3rd period - Wrist shot by Jonathan Matsumoto.
18:30 of 3rd period - Stopped by Thomas McCollum without a rebound.
18:31 of 3rd period - Jarret Stoll wins face-off versus Jesse Winchester in High Goats zone.
19:02 of 3rd period - Anton Stralman is hit by Travis Hamonic and loses puck.
Goals for this period are 0 for Monarchs vs 1 for High Goats.
Shots for this period are 8 for Monarchs vs 11 for High Goats.
Output by the SimonT Hockey Simulator (STHS) for François Prévost -- Original Page W3C XHTML 1.0 Valid